 Dungeon Crawl Stone Soup version 0.30-a0-918-g0ff054e9dc (webtiles) character file.

Game seed: 8443691637080906229

77 Iich the Trooper (level 4, -3/37 HPs)
             Began as a Demonspawn Fighter on Mar 20, 2023.
             Slain by Sigmund
             ... wielding a +0 scythe
              (8 damage)
             ... on level 3 of the Dungeon.
             The game lasted 00:04:20 (1903 turns).

Iich the Trooper (Demonspawn Fighter)               Turns: 1903, Time: 00:04:21

Health: -3/37      AC: 10    Str: 16    XL:     4   Next: 13%
Magic:  4/4        EV:  8    Int: 10    God:
Gold:   71         SH:  5    Dex: 20    Spells: 3/3 levels left

rFire   . . .      SeeInvis .    a - +0 war axe
rCold   . . .      Faith    .    c - +0 buckler
rNeg    . . .      Spirit   .    b - +0 scale mail
rPois   .          Reflect  .    g - +0 helmet
rElec   .          Rampage  .    m - +0 cloak
rCorr   .                        (no gloves)
Will    .....                    (no boots) Stlth
                                 (no amulet)
HPRegen 0.26/turn                k - +6 ring of dexterity
MPRegen 0.09/turn                (no ring)

@: mighty
A: icy blue scales 1, powered by pain 1
a: no special abilities


You were on level 3 of the Dungeon.
You visited 1 branch of the dungeon, and saw 3 of its levels.

You collected 71 gold pieces.

Inventory:

Hand Weapons
 a - a +0 war axe (weapon)
Armour
 b - a +0 scale mail (worn)
 c - a +0 buckler (worn)
 g - a +0 helmet (worn)
 m - a +0 cloak (worn)
Jewellery
 k - a +6 ring of dexterity (left hand)
Scrolls
 f - a scroll of fog
 i - a scroll of vulnerability {unknown}
 l - a scroll of enchant weapon
 o - 2 scrolls of teleportation {unknown}
 B - 2 scrolls of blinking
Potions
 e - a potion of brilliance
 h - a potion of berserk rage {unknown}
 j - a potion of attraction {unknown}
 n - a potion of curing {unknown}
 p - a potion of lignification {unknown}


   Skills:
 + Level 3.7 Fighting
 * Level 3.4 Axes
 - Level 2.6 Armour
 - Level 2.6 Shields


You had 3 spell levels left.
You didn't know any spells.
Your spell library contained the following spells:

 Spells                   Type           Power      Damage    Failure   Level
 Lesser Beckoning         Tloc           0%         N/A       95%         2
 Gell's Gravitas          Tloc           0%         N/A       99%         3
 Teleport Other           Tloc           0%         N/A       99%         3
 Iskenderun's Battlesphe  Conj           0%         2d6       100%        5
 Dispersal                Tloc           0%         N/A       100%        6
 Iron Shot                Conj/Erth      0%         9d1       100%        6
 Spellforged Servitor     Conj/Summ      0%         N/A       100%        7


Dungeon Overview and Level Annotations

Branches:
Dungeon (3/15)

Altars:

Annotations:
D:3 Sigmund


Innate Abilities, Weirdness & Mutations

You are partially covered in icy blue scales. (AC +2)
You sometimes gain a little power by taking damage.


Message History

Sigmund hits you with a +0 scythe!
* * * LOW HITPOINT WARNING * * *
You take 7 damage, and have 13/37 hp.
Sigmund gestures at you while chanting.
You are more confused.
Sigmund hits you from afar with a +0 scythe.
* * * LOW HITPOINT WARNING * * *
You take 4 damage, and have 10/37 hp.
You bump into the rock wall.
Sigmund points at you and mumbles some strange words.
The puff of flame hits you but does no damage.
Unknown command.
You feel very mighty all of a sudden.
Sigmund hits you from afar with a +0 scythe.
* * * LOW HITPOINT WARNING * * *
You take 4 damage, and have 6/37 hp.
You bump into the rock wall.
Sigmund hits you but does no damage. Sigmund hits you but does no damage.
You feel less confused.
You slash Sigmund!
Sigmund is almost dead.
Sigmund hits you but does no damage.
You closely miss Sigmund.
Sigmund is almost dead.
Sigmund barely misses you.
You barely miss Sigmund.
Sigmund is almost dead.
Sigmund hits you with a +0 scythe.
* * * LOW HITPOINT WARNING * * *
You take 4 damage, and have 4/37 hp.
You closely miss Sigmund.
Sigmund is almost dead.
Sigmund casts a spell.
Sigmund flickers and vanishes!
Deactivating autopickup; reactivate with Ctrl-A.
You hit something but do no damage. You block something's attack.
Something hits you but does no damage. Something hits you!
You die...

.#..........#
............#
............+
............#
#...........#
.........$..#
#..........# #....#
#{@..########
#....##.....#
#.....#.###.#
#...).#.#...####
#.....#.#.>....####
#.....<.######.....
#...##### ######
####. ..


There were no monsters in sight!

Vanquished Creatures
  A gnoll (D:1)
  An adder (D:2)
  2 worms (D:2)
  2 dart slugs (D:1)
  3 ball pythons
  6 endoplasms
  A giant cockroach (D:2)
  5 goblins
  8 hobgoblins
  3 jackals (D:1)
  3 kobolds
  4 bats
  2 rats
41 creatures vanquished.

Notes
Turn   | Place    | Note
-------+----------+-------------------------------------------
     0 | D:1      | Iich the Demonspawn Fighter began the quest for the Orb.
     0 | D:1      | Reached XP level 1. HP: 18/18 MP: 1/1
    86 | D:1      | Gained mutation: You are partially covered in icy blue
                  | scales. (AC +2) [demonic ancestry]
    86 | D:1      | Reached XP level 2. HP: 3/24 MP: 2/2
   428 | D:1      | Gained mutation: You sometimes gain a little power by
                  | taking damage. [demonic ancestry]
   428 | D:1      | Reached XP level 3. HP: 28/29 MP: 3/3
  1538 | D:2      | Reached XP level 4. HP: 34/37 MP: 4/4
  1868 | D:3      | Noticed Sigmund
  1903 | D:3      | Slain by Sigmund

Illustrated notes

Levels and vault maps discovered:
D:1:      minmay_arrival_five_plusses, layout_basic, chequers_avenue
D:2:      layout_basic
D:3:      cheibrodos_helix_gallery, layout_basic, ebering_ghost_reflecting_pool,
          minmay_fractal_squares_5, uniq_ijyb, uniq_sigmund

Skill      XL: |  1  2  3 |
---------------+----------+-----
Axes           | 2 3 |  3.4
Fighting       | |  3.7
Armour         | |  2.6
Shields        | |  2.6

Action                     |  1- 3 |  4- 6 || total
---------------------------+-------+-------++-------
  Melee: War axe           |   107 |    15 ||   122
    Use: Scroll            |     3 |       ||     3
         Potion            |     1 |     1 ||     2
 Armour: Scale mail        |    52 |     9 ||    61
  Dodge: Dodged            |    45 |     4 ||    49
  Block: Buckler           |    21 |     3 ||    24

Table legend: (Time is in decaauts)
 A = Elapsed time spent in this place.
 B = Non-inter-level travel time spent in this place.
 C = Inter-level travel time spent in this place.
 D = Time resting spent in this place.
 E = Time spent auto-exploring this place.
 F = Levels seen in this place.
 G = Mean time per level.
                   A        B        C        D        E       F      G
               +--------+--------+--------+--------+--------+-----+--------+
         Total |   1951 |   1902 |     49 |    205 |   1379 |   3 |  650.3 |
       Dungeon |   1951 |   1902 |     49 |    205 |   1379 |   3 |  650.3 |
               +--------+--------+--------+--------+--------+-----+--------+

Top non-repeatable levels by time:
     D:1: 1076 daAuts
     D:2: 803 daAuts
     D:3: 71 daAuts
